 Dungeon Sprint DCSS version 0.16-a0-3325-g64f94fb (webtiles) character file.

26796 BluebellGnoll the Bludgeoner (level 13, -44/148 HPs)
             Began as an Ogre Arcane Marksman on Dec 27, 2014.
             Was a High Priest of Okawaru.
             Blown up by Boris (102 damage)
             ... with an orb of destruction
             ... in the Dungeon (Sprint IX: "|||||||||||||||||||||||||||||").
             The game lasted 00:32:45 (4186 turns).

BluebellGnoll the Bludgeoner (Ogre Arcane Marksman) Turns: 4186, Time: 00:32:46

Health: -44/148    AC: 13    Str: 19    XL:     13   Next: 28%
Magic:  28/29      EV: 15    Int: 15    God:    Okawaru [*****.]
Gold:   817        SH:  0    Dex:  8    Spells: 5 memorised, 12 levels left

rFire  + + .     SeeInvis .     K - -3 rod of clouds (3/9)
rCold  . . .     Clarity  .     R - +0 swamp dragon armour
rNeg   + . .     SustAb   .     (shield restricted)
rPois  +         Gourm    .     G - +2 hat {MR+}
rElec  .         Spirit   .     b - +1 ratskin cloak {rPois rN+ Int-1 Dex-1}
rCorr  .         Warding  .     (gloves unavailable)
rMut   .         NoTele   +     (boots unavailable)
MR     ++...                    (no amulet)
Stlth  +.........               L - ring of protection from fire
                                M - ring of protection from fire

@: heroism, very resistant to hostile enchantments, very unstealthy
A: unfitting armour, tough skin 1
a: Heroism, Finesse, Renounce Religion


You were in the Dungeon.
You worshipped Okawaru.
Okawaru was extremely pleased with you.
You were hungry.

You visited 1 branch You collected 1917 gold pieces.
You spent 1100 gold pieces at shops.

Inventory:

Hand weapons
 p - a +2 dire flail of crushing
 t - the +7 Singing Sword
   (You found it in the Dungeon)
Missiles
 a - 8 large rocks (quivered)
 c - 3 throwing nets
 A - 3 poisoned javelins
 F - 6 poisoned tomahawks
 H - 6 tomahawks
 I - 6 silver javelins
Armour
 b - the +1 ratskin cloak (worn) {rPois rN+ Int-1 Dex-1}
   (Okawaru gifted it to you in the Dungeon)

   It affects your intelligence (-1).
   It affects your dexterity (-1).
   It protects you from poison.
   It protects you from negative energy.
 B - a fire dragon hide
 G - a +2 hat of magic resistance (worn)
 P - a +1 cloak
 R - a +0 swamp dragon armour (worn)
Magical staves
 o - an uncursed staff of energy
Rods
 K - a -3 rod of clouds (3/9) (weapon)
   (You bought it in a shop in the Dungeon)
Jewellery
 r - a +3 ring of strength
 s - a +3 ring of strength
 L - a ring of protection from fire (right hand)
 M - a ring of protection from fire (left hand)
 N - an uncursed ring of fire
 O - an uncursed ring of poison resistance
Magical devices
 n - a wand of cold (0)
Scrolls
 k - 3 scrolls of blinking
 l - 5 scrolls of remove curse
 m - 2 scrolls of amnesia
 x - 2 scrolls of fog
 y - 4 scrolls of enchant armour
 z - 4 scrolls of identify
Potions
 e - 9 potions of curing
 f - a potion of resistance
 g - 7 potions of heal wounds
 i - 4 potions of magic
 j - a potion of invisibility
 u - a potion of cure mutation
 v - a potion of restore abilities
 w - 3 potions of haste
 Q - a potion of might
Books
 d - a book of Debilitation

   Spells                             Type                      Level
   a - Corona                         Hexes                        1
   b - Slow                           Hexes                        2
   c - Inner Flame                    Hexes/Fire                   3
   d - Enslavement                    Hexes                        4
   e - Cause Fear                     Hexes                        4
   f - Leda's Liquefaction            Hexes/Earth                  4
Miscellaneous
 J - a lamp of fire
Comestibles
 h - 2 poisonous chunks of flesh
 q - 7 chunks of flesh
 C - 40 fruits
 D - 12 bread rations
 E - 12 meat rations


   Skills:
 - Level 14.6(19.6) Fighting
 - Level 19.6(24.6) Maces & Flails
 - Level 13.5(18.5) Throwing
 - Level 15.5(20.5) Dodging
 - Level 7.2 Spellcasting
 - Level 7.0 Hexes
 + Level 14.4 Evocations


You had 12 spell levels left.
You knew the following spells:

 Your Spells              Type           Power        Failure   Level  Hunger
a - Corona                Hex            ####...      1%          1    None
b - Slow                  Hex            ####....     1%          2    None
c - Inner Flame           Hex/Fire       ###.....     12%         3    ##.....
d - Cause Fear            Hex            ####......   10%         4    ####...
e - Enslavement           Hex            ####....     10%         4    ####...


Dungeon Overview and Level Annotations

Branches:
Dungeon (1/1)

Altars:
Cheibriados
Dithmenos
Elyvilon
Fedhas
Gozag
Kikubaaqudgha
Makhleb
Nemelex Xobeh
Okawaru
Qazlal
Ru
Sif Muna
Trog
Vehumet
Xom
Yredelemnul
Zin
The Shining One
Beogh
Jiyva
Lugonu

Shops:
D [}=}


Innate Abilities, Weirdness & Mutations

You are too large for most types of armour.
You have tough skin (AC +1).


Message History

Press: ? - help, Shift-Dir - straight line, f - you You throw a large rock.
Throwing (i - inventory. (,) - cycle):
a - 11 large rocks (quivered)
Press: ? - help, Shift-Dir - straight line, f - you You throw a large rock.
Throwing (i - inventory. (,) - cycle):
a - 10 large rocks (quivered)
Press: ? - help, Shift-Dir - straight line, f - you You throw a large rock.
You hear some strange, mumbled words.
Throwing (i - inventory. (,) - cycle):
a - 9 large rocks (quivered)
Press: ? - help, Shift-Dir - straight line, f - you You throw a large rock.
Okawaru is honoured by your kill.
Reactivating autopickup.
Your Evocations skill gained 2 levels and is now at level 14!
Most of your lamp of fire have recharged.
You feel a bit more experienced. The orb of destruction hits you!
Ouch! That really hurt!
You die...

.......'............'..[[[[..'...
▓▓▓▓▓▓▓▓▓▓▓▓▓▓▓▓▓▓▓▓▓▓▓▓▓▓▓▓▓▓▓▓▓
............................)....
▓▓▓▓▓▓▓▓▓▓▓▓▓▓▓▓▓▓▓▓▓▓▓▓▓▓▓▓▓▓▓▓▓
.).)..'[))))∩.∩.∩.∩.....'........
▓▓▓▓▓▓▓▓▓▓▓▓▓▓▓▓▓▓▓▓▓▓▓▓▓▓▓▓▓▓▓▓▓
.................................
▓▓▓▓▓▓▓▓▓▓▓▓▓▓▓▓▓▓▓▓▓▓▓▓▓▓▓▓▓▓▓▓▓
...)...%÷)....).@§§§§§§[(.(....E§
▓▓▓▓▓▓▓▓▓▓▓▓▓▓▓▓▓▓▓▓▓▓▓▓▓▓▓▓▓▓▓▓▓
§§§§§§§§E..§§§§ ▓▓▓▓▓▓▓▓▓▓▓▓▓▓▓


There were no monsters in sight!

Vanquished Creatures
  Boris (D)
  A frost giant (D)
  Gastronok (D)
  An ettin (D)
  2 fire dragons (D)
  Josephine (D)
  A great orb of eyes (D)
  Harold (D)
  A rakshasa (D)
  A hydra (D)
  2 centaur warriors (D)
  2 orc high priests (D)
  4 death yaks (D)
  A catoblepas (D)
  3 orc knights (D)
  2 hill giants (D)
  An ugly thing (D)
  A cyclops (D)
  3 orc sorcerers (D)
  A black mamba (D)
  A smoke demon (D)
  A rust devil (D)
  2 spiny frogs (D)
  A komodo dragon (D)
  A two-headed ogre (D)
  A slime creature (D)
  A basilisk (D)
  A wraith (D)
  3 yaks (D)
  Eustachio (D)
  A hippogriff (D)
  A hungry ghost (D)
  A wolf (D)
  A soldier ant (D)
  A mottled dragon (D)
  2 water moccasins (D)
  An ice beast (D)
  A sky beast (D)
  A crocodile (D)
  10 orc warriors (D)
  A centaur (D)
  A giant frog (D)
  A crimson imp (D)
  A hound (D)
  4 orc priests (D)
  3 orc wizards (D)
  A sheep (D)
  3 adders (D)
  A river rat (D)
  A shadow imp (D)
  2 adder skeletons (D)
  15 orcs (D)
  2 ball pythons (D)
  2 bat skeletons (D)
  A bat zombie (D)
  2 hobgoblins (D)
  A jackal (D)
  A kobold (D)
  2 quokkas (D)
  3 bats (D)
  A jackal skeleton (D)
113 creatures vanquished.

Notes
Turn   | Place    | Note
--------------------------------------------------------------
     0 | D        | BluebellGnoll, the Ogre Arcane Marksman, began the quest for the Orb.
     0 | D        | Reached XP level 1. HP: 19/19 MP: 2/2
    18 | D        | Reached skill level 3 in Fighting
    36 | D        | Reached skill level 4 in Fighting
   304 | D        | Noticed a hound
   316 | D        | Reached skill level 5 in Fighting
   316 | D        | Reached XP level 2. HP: 35/35 MP: 1/3
   328 | D        | Reached skill level 6 in Fighting
   331 | D        | Killed a hound
   331 | D        | Reached skill level 9 in Fighting
   331 | D        | Reached XP level 3. HP: 44/50 MP: 2/4
   365 | D        | Found a glowing silver altar of Zin.
   365 | D        | Found a glowing golden altar of the Shining One.
   365 | D        | Found an ancient bone altar of Kikubaaqudgha.
   365 | D        | Found a basalt altar of Yredelemnul.
   365 | D        | Found a shimmering altar of Xom.
   365 | D        | Found a radiant altar of Vehumet.
   365 | D        | Found an iron altar of Okawaru.
   366 | D        | Found a burning altar of Makhleb.
   367 | D        | Found a deep blue altar of Sif Muna.
   368 | D        | Found a bloodstained altar of Trog.
   369 | D        | Found a sparkling altar of Nemelex Xobeh.
   370 | D        | Found a white marble altar of Elyvilon.
   371 | D        | Found a roughly hewn altar of Beogh.
   372 | D        | Found a viscous altar of Jiyva.
   373 | D        | Found a corrupted altar of Lugonu.
   374 | D        | Became a worshipper of Warmaster Okawaru
   375 | D        | Found a blossoming altar of Fedhas.
   376 | D        | Found a snail-covered altar of Cheibriados.
   377 | D        | Found a shadowy altar of Dithmenos.
   378 | D        | Found a stormy altar of Qazlal.
   379 | D        | Found an opulent altar of Gozag.
   380 | D        | Found a sacrificial altar of Ru.
   498 | D        | Noticed an orc priest
   498 | D        | Noticed a hill giant
   498 | D        | Noticed an ice beast
   498 | D        | Noticed a centaur
   499 | D        | Killed an orc priest
   499 | D        | Reached skill level 5 in Maces & Flails
   499 | D        | Reached XP level 4. HP: 59/59 MP: 6/6
   501 | D        | Killed a centaur
   501 | D        | Reached XP level 5. HP: 32/67 MP: 7/7
   532 | D        | Killed an ice beast
   532 | D        | Reached skill level 12 in Maces & Flails
   532 | D        | Reached XP level 6. HP: 43/76 MP: 8/8
   595 | D        | Killed a hill giant
   595 | D        | Acquired Okawaru's first power
   595 | D        | Reached skill level 17 in Maces & Flails
   595 | D        | Reached XP level 7. HP: 5/83 MP: 9/9
   963 | D        | Noticed a centaur warrior
   963 | D        | Noticed a mottled dragon
   963 | D        | Noticed a two-headed ogre
   963 | D        | Noticed a giant frog
   963 | D        | Noticed a centaur warrior
   963 | D        | Noticed a hungry ghost
   966 | D        | Killed a mottled dragon
   966 | D        | Killed a giant frog
   966 | D        | Reached skill level 5 in Dodging
   966 | D        | Reached XP level 8. HP: 78/92 MP: 11/11
   969 | D        | Killed a centaur warrior
   969 | D        | Killed a two-headed ogre
   969 | D        | Reached skill level 10 in Dodging
   969 | D        | Reached XP level 9. HP: 64/100 MP: 12/12
   978 | D        | Killed a centaur warrior
   978 | D        | Received a gift from Okawaru
   986 | D        | Killed a hungry ghost
  1276 | D        | Noticed a komodo dragon
  1276 | D        | Noticed a wolf
  1276 | D        | Noticed a black mamba
  1281 | D        | Killed a komodo dragon
  1281 | D        | Reached skill level 5 in Throwing
  1289 | D        | Killed a wolf
  1304 | D        | Killed a black mamba
  1304 | D        | Received a gift from Okawaru
  1436 | D        | Noticed a crocodile
  1436 | D        | Noticed a spiny frog
  1436 | D        | Noticed a hippogriff
  1436 | D        | Noticed a spiny frog
  1436 | D        | Noticed a water moccasin
  1436 | D        | Noticed an eight-headed hydra
  1439 | D        | Killed a crocodile
  1439 | D        | Reached XP level 10. HP: 96/107 MP: 10/13
  1442 | D        | Noticed a water moccasin
  1443 | D        | Killed a spiny frog
  1445 | D        | Noticed a basilisk
  1446 | D        | Killed a hippogriff
  1446 | D        | Reached skill level 10 in Throwing
  1455 | D        | Killed a spiny frog
  1455 | D        | Killed a water moccasin
  1455 | D        | Killed a water moccasin
  1460 | D        | Killed an eight-headed hydra
  1460 | D        | Acquired Okawaru's second power
  1461 | D        | Killed a basilisk
  1824 | D        | Learned a level 2 spell: Slow
  1825 | D        | Noticed a death yak
  1825 | D        | Noticed a yak
  1825 | D        | Noticed a death yak
  1825 | D        | Noticed a death yak
  1825 | D        | Noticed a yak
  1825 | D        | Noticed a catoblepas
  1825 | D        | Noticed a yak
  1859 | D        | Killed a death yak
  1859 | D        | Received a gift from Okawaru
  1859 | D        | Reached skill level 10 in Fighting
  1867 | D        | Killed a death yak
  2231 | D        | Learned a level 3 spell: Inner Flame
  2232 | D        | Noticed a death yak
  2261 | D        | Killed a yak
  2261 | D        | Received a gift from Okawaru
  2276 | D        | Killed a yak
  2276 | D        | Reached XP level 11. HP: 117/120 MP: 19/21
  2331 | D        | Killed a death yak
  2331 | D        | Reached skill level 5 in Hexes
  2476 | D        | Killed a yak
  2676 | D        | Learned a level 4 spell: Cause Fear
  2794 | D        | Killed a death yak
  2794 | D        | Reached skill level 5 in Spellcasting
  2855 | D        | Killed a catoblepas
  2855 | D        | Received a gift from Okawaru
  3033 | D        | Noticed Josephine
  3035 | D        | Noticed Harold
  3059 | D        | Killed Josephine
  3072 | D        | Killed Harold
  3103 | D        | Noticed Gastronok
  3257 | D        | Killed Gastronok
  3257 | D        | Received a gift from Okawaru
  3257 | D        | Received a gift from Okawaru
  3350 | D        | Noticed an orc warrior
  3352 | D        | Noticed an orc wizard
  3352 | D        | Killed an orc warrior
  3358 | D        | Killed an orc wizard
  3362 | D        | Noticed an orc priest
  3364 | D        | Killed an orc priest
  3366 | D        | Noticed an orc priest
  3368 | D        | Noticed an orc wizard
  3368 | D        | Killed an orc priest
  3369 | D        | Killed an orc wizard
  3419 | D        | Learned a level 4 spell: Enslavement
  3429 | D        | Noticed an orc wizard
  3429 | D        | Noticed an orc warrior
  3429 | D        | Noticed an orc warrior
  3429 | D        | Noticed an orc warrior
  3429 | D        | Noticed an orc warrior
  3429 | D        | Noticed an orc warrior
  3429 | D        | Noticed an orc priest
  3432 | D        | Killed an orc warrior
  3433 | D        | Killed an orc wizard
  3435 | D        | Killed an orc warrior
  3436 | D        | Killed an orc warrior
  3437 | D        | Killed an orc warrior
  3438 | D        | Killed an orc warrior
  3439 | D        | Noticed an orc knight
  3445 | D        | Killed an orc knight
  3447 | D        | Killed an orc priest
  3448 | D        | Noticed an orc warrior
  3456 | D        | Noticed an orc warrior
  3457 | D        | Noticed an orc warrior
  3458 | D        | Noticed an orc warrior
  3459 | D        | Killed an orc warrior
  3459 | D        | Reached skill level 18 in Maces & Flails
  3461 | D        | Killed an orc warrior
  3464 | D        | Killed an orc warrior
  3466 | D        | Killed an orc warrior
  3529 | D        | Found Shekh's Armour Emporium.
  3529 | D        | Noticed an orc sorcerer
  3529 | D        | Noticed an orc knight
  3529 | D        | Noticed an orc high priest
  3529 | D        | Noticed an orc knight
  3529 | D        | Noticed an orc sorcerer
  3532 | D        | Killed an orc sorcerer
  3532 | D        | Reached XP level 12. HP: 102/140 MP: 19/27
  3535 | D        | Noticed an orc sorcerer
  3535 | D        | Killed an orc knight
  3538 | D        | Found Gacoist's Gadget Shoppe.
  3544 | D        | Killed an orc high priest
  3550 | D        | Killed an orc knight
  3550 | D        | Reached skill level 19 in Maces & Flails
  3551 | D        | Found Clelergh's Jewellery Emporium.
  3557 | D        | Killed an orc sorcerer
  3557 | D        | Received a gift from Okawaru
  3557 | D        | Reached skill level 15 in Dodging
  3562 | D        | Killed an orc sorcerer
  3582 | D        | Found Plushriown's Gadget Shoppe.
  3590 | D        | Noticed an orc high priest
  3638 | D        | Killed an orc high priest
  3693 | D        | Bought a lamp of fire for 440 gold pieces
  3711 | D        | Bought a -3 rod of clouds (9/9) for 660 gold pieces
  3780 | D        | Noticed Eustachio
  3784 | D        | Killed Eustachio
  3982 | D        | Noticed a green ugly thing
  3982 | D        | Noticed a sky beast
  3982 | D        | Noticed a soldier ant
  3982 | D        | Noticed a crimson imp
  3982 | D        | Noticed a cyclops
  3982 | D        | Noticed a hill giant
  3987 | D        | Killed a sky beast
  3987 | D        | Reached skill level 1 in Evocations
  3989 | D        | Noticed a wraith
  3990 | D        | Killed a green ugly thing
  3993 | D        | Killed a soldier ant
  3994 | D        | Killed a crimson imp
  3996 | D        | Killed a hill giant
  3998 | D        | Noticed a fire dragon
  3998 | D        | Killed a cyclops
  3998 | D        | Reached skill level 5 in Evocations
  4000 | D        | Killed a wraith
  4011 | D        | Killed a fire dragon
  4011 | D        | Received a gift from Okawaru
  4021 | D        | Noticed a slime creature
  4030 | D        | Killed a slime creature
  4033 | D        | Noticed a frost giant
  4048 | D        | Killed a frost giant
  4063 | D        | Noticed a great orb of eyes
  4068 | D        | Killed a great orb of eyes
  4068 | D        | Reached skill level 10 in Evocations
  4081 | D        | Noticed a rakshasa
  4083 | D        | Noticed a fire dragon
  4085 | D        | Noticed an ettin
  4086 | D        | Killed a rakshasa
  4090 | D        | Killed a fire dragon
  4098 | D        | Killed an ettin
  4098 | D        | Reached XP level 13. HP: 135/148 MP: 28/28
  4149 | D        | Noticed Boris
  4184 | D        | Killed Boris
  4186 | D        | Blown up by Boris

Action                   |  1- 3 |  4- 6 |  7- 9 | 10-12 | 13-15 || total
-------------------------+-------+-------+-------+-------+-------++-------
Melee: Unarmed           |    80 |       |       |       |       ||    80
       Double sword      |     1 |     4 |       |     1 |       ||     6
       Dire flail        |       |       |    49 |    72 |       ||   121
Throw: Javelin           |       |       |     2 |    54 |       ||    56
       Large rock        |       |       |     2 |    60 |     8 ||    70
       Tomahawk          |       |       |       |    26 |       ||    26
       Throwing net      |       |       |       |     5 |       ||     5
 Cast: Corona            |     5 |       |       |     3 |       ||     8
       Slow              |       |       |       |     4 |       ||     4
       Cause Fear        |       |       |       |     1 |       ||     1
       Inner Flame       |       |       |       |     1 |       ||     1
Invok: Heroism           |       |       |     2 |     9 |     1 ||    12
       Finesse           |       |       |       |     3 |       ||     3
Evoke: Wand              |       |     1 |     3 |     3 |       ||     7
       Rod               |       |       |       |       |     1 ||     1
       Lamp of fire      |       |       |       |       |     1 ||     1
  Use: Potion            |     2 |       |       |       |       ||     2
 Stab: Held in net/web   |       |       |       |     1 |       ||     1
  Eat: Chunk             |       |       |     1 |     8 |       ||     9
       Meat ration       |       |       |     1 |       |       ||     1
